 Dungeon Crawl Stone Soup version 0.28.0 (webtiles) character file.

Game seed: 6434044908248197576

1104 Floobenga the Cleaver (level 8, -2/70 HPs)
             Began as a Deep Dwarf Delver on Feb 6, 2022.
             Slain by a troll (8 damage)
             ... on level 7 of the Dungeon.
             The game lasted 00:26:53 (574 turns).

Floobenga the Cleaver (Deep Dwarf Delver)            Turns: 574, Time: 00:26:54

Health: -2/70      AC:  7    Str: 17 (19) XL:     8   Next: 11%
Magic:  3/3        EV:  5    Int:  9 (12) God:
Gold:   80         SH:  0    Dex: 13 (14) Spells: 7/7 levels left

rFire   . . .      SeeInvis .   m - +1 hand axe (flame)
rCold   . . .      Faith    .   (no shield)
rNeg    . . .      Spirit   .   d - +0 plate armour
rPois   .          Reflect  .   (helmet restricted)
rElec   .          Harm     .   s - +0 cloak
rCorr   .          Rampage  .   (no gloves)
Will    +....                   (no boots)
Stlth   ..........              (no amulet)
HPRegen 0.00/turn               b - ring of flight
MPRegen 0.08/turn               (no ring)

@: flying
A: damage resistance, heal wounds, sense surroundings 1, no regeneration,
antennae 1, clever 1, deformed body
a: Heal Wounds


You were on level 7 of the Dungeon.
You visited 1 branch of the dungeon, and saw 5 of its levels.

You collected 80 gold pieces.

Inventory:

Hand Weapons
 a - a +0 hand axe
 i - a +0 hunting sling
 m - a +1 hand axe of flaming (weapon)
 q - a +0 vorpal glaive
Missiles
 g - 2 poisoned darts
 k - 22 stones (quivered)
 l - 39 sling bullets
 t - 7 boomerangs
Armour
 d - a +0 plate armour (worn)
 r - +0 swamp dragon scales
 s - a +0 cloak (worn)
Jewellery
 b - a ring of flight (left hand)
Wands
 A - a wand of acid (10)
 D - a wand of digging (3)
Scrolls
 c - a scroll of fog
 h - a scroll of fear
 j - a scroll of noise {unknown}
 n - a scroll of enchant armour {unknown}
 o - a scroll of amnesia {unknown}
 M - a scroll of magic mapping


   Skills:
 + Level 3.6 Fighting
 * Level 9.3 Axes
 - Level 4.0 Armour
 - Level 2.1 Dodging
 - Level 6.0 Stealth


You had 7 spell levels left.
You didn't know any spells.
Your spell library contained the following spells:

 Spells                   Type           Power      Damage    Failure   Level
 Sublimation of Blood     Necr           0%         N/A       100%        2
 Petrify                  Tmut/Erth      0%         N/A       100%        4
 Irradiate                Conj/Tmut      0%         3d13      100%        5


Dungeon Overview and Level Annotations

Branches:
Dungeon (7/15)
 Temple: D:4-7

Altars:


Innate Abilities, Weirdness & Mutations

You are resistant to damage.
You can heal yourself by infusing magical energy.
You passively map a small area around you.
You do not regenerate.
You have a pair of small antennae on your head.
Your mind is acute. (Int +2)
Armour fits poorly on your strangely shaped body.


Message History

Okay, then.
Unknown command.
You hit the troll. You burn the troll.
The troll is lightly wounded.
You hit the white imp. You burn the white imp. The white imp hits you.
The white imp freezes you.
You hit the troll but do no damage.
The troll is lightly wounded.
You hit the white imp. You burn the white imp. The troll bites you.
The troll completely misses you. The troll claws you!
The white imp gestures at you. The puff of frost hits you.
You hit the troll. You burn the troll.
The troll is lightly wounded.
You hit the white imp. You burn the white imp.
You kill the white imp!
The troll bites you but does no damage. The troll claws you!
The troll claws you.
You slash the troll! You burn the troll.
The troll is moderately wounded.
The troll barely misses you. The troll claws you but does no damage.
The troll claws you.
You hit the troll. You burn the troll.
The troll is heavily wounded.
The troll bites you. The troll barely misses you. The troll claws you.
You slash the troll! You burn the troll.
The troll is heavily wounded.
The troll bites you but does no damage. The troll claws you.
The troll claws you but does no damage.
You closely miss the troll.
The troll is heavily wounded.
You hit the troll. You burn the troll.
The troll is severely wounded.
The troll bites you. The troll claws you. The troll barely misses you.
You hit the troll. You burn the troll.
The troll is severely wounded.
The troll bites you. The troll claws you but does no damage.
The troll barely misses you.
You hit the troll. You burn the troll.
The troll is almost dead.
The troll barely misses you. The troll claws you.
The troll claws you but does no damage.
You hit the troll. You burn the troll.
The troll is almost dead.
The troll bites you!
* * * LOW HITPOINT WARNING * * *
The troll claws you!
* * * LOW HITPOINT WARNING * * *
The troll claws you!
You die...

* #*
#.#######
##...T...#
, #....@#
, , *
....(...#
,
.....#...
....
##.$.* .##
, ##... *
* #... *
...# *
.... * , ,


You could see a troll.

Vanquished Creatures
  A centaur zombie (D:5)
  Maggie (D:6)
  A sky beast (D:6)
  A necrophage (D:6)
  A scorpion (D:6)
  A water moccasin zombie (D:5)
  An orc priest (D:4)
  A hound (D:4)
  A jelly (D:4)
  An iguana (D:6)
  An orc wizard (D:6)
  A hound skeleton (D:4)
  A howler monkey skeleton (D:5)
  An adder (D:5)
  A white imp (D:7)
  An ufetubus (D:5)
  2 dart slugs
  5 orcs
  A giant cockroach (D:4)
  A goblin (D:3)
  A hobgoblin (D:4)
  3 bats (D:3)
  A rat (D:3)
30 creatures vanquished.

Vanquished Creatures (others)
  An orc wizard (D:6)
1 creature vanquished.

Grand Total: 31 creatures vanquished

Notes
Turn   | Place    | Note
-------+----------+-------------------------------------------
     0 | D:5      | Floobenga the Deep Dwarf Delver began the quest for the
                  | Orb.
     0 | D:5      | Reached XP level 1. HP: 20/20 MP: 1/1
    34 | D:6      | Noticed an iguana
    34 | D:6      | Noticed a sky beast
    58 | D:5      | Reached skill level 3 in Axes
    58 | D:5      | Reached XP level 2. HP: 21/27 MP: 2/2
    64 | D:6      | Noticed a troll
   156 | D:5      | Noticed a centaur warrior zombie
   183 | D:5      | Reached skill level 3 in Fighting
   183 | D:5      | Reached skill level 4 in Axes
   183 | D:5      | Reached XP level 3. HP: 34/34 MP: 2/2
   183 | D:5      | Reached XP level 4. HP: 42/42 MP: 3/3
   214 | D:5      | Killed a centaur warrior zombie
   215 | D:5      | Reached skill level 7 in Axes
   215 | D:5      | Reached skill level 3 in Armour
   215 | D:5      | Reached XP level 5. HP: 25/49 MP: 3/3
   215 | D:5      | Reached XP level 6. HP: 29/56 MP: 4/4
   274 | D:3      | Reached XP level 7. HP: 30/62 MP: 5/5
   316 | D:3      | Found a faded altar of an unknown god.
   403 | D:6      | Noticed Maggie
   433 | D:6      | Killed Maggie
   434 | D:6      | Reached skill level 8 in Axes
   468 | D:6      | Reached skill level 9 in Axes
   489 | D:6      | Reached XP level 8. HP: 51/69 MP: 4/4
   562 | D:7      | Gained mutation: Armour fits poorly on your strangely
                  | shaped body. [potion of mutation]
   562 | D:7      | Gained mutation: Your mind is acute. (Int +2) [potion of
                  | mutation]
   562 | D:7      | Gained mutation: You have a pair of small antennae on your
                  | head. [potion of mutation]
   574 | D:7      | Slain by a troll

Illustrated notes

Levels and vault maps discovered:
D:3:      layout_rooms, nicolae_ecumenical_oubliette, uniq_crazy_yiuf_cottage
D:4:      layout_rooms, chequers_serial_rivers_small_a
D:5:      layout_loops_ring, ashenzari_altar_1, serial_shops, shop,
          minmay_increasing_density
D:6:      layout_rooms, lemuel_flame_loot_1, uniq_maggie
D:7:      layout_layer_cave, mainiacjoe_overflow_alcove_4, temple_pool_b,
          serial_shops, shop, nicolae_square_shop,
          nicolae_shop_advertising_works [nicolae_subvault_shop_adworks],
          uniq_menkaure

Skill      XL: |  1  2  3  4  5  6  7 |
---------------+----------------------+-----
Axes           | 3 4 7 9 |  9.3
Fighting       | 3 |  3.6
Armour         | 3 4 |  4.0
Dodging        | |  2.1
Stealth        | |  6.0

Action                   |  1- 3 |  4- 6 |  7- 9 || total
-------------------------+-------+-------+-------++-------
Melee: Hand axe          |    57 |    54 |    94 ||   205
       Punch             |     1 |       |       ||     1
Throw: Stone             |       |       |     1 ||     1
 Abil: Heal Wounds       |     3 |     1 |     6 ||    10
Evoke: Wand              |       |       |     1 ||     1
  Use: Scroll            |     2 |       |       ||     2
       Potion            |       |       |     4 ||     4
Armor: Plate armour      |    59 |    69 |    79 ||   207
Dodge: Dodged            |    15 |    22 |    36 ||    73
